 Dungeon Crawl Stone Soup version 0.28.0-49-g6dfe1f597d (webtiles) character file.

Game seed: 3284135826078852949

49 Revguard the Skirmisher (level 3, -3/46 HPs)
             Began as a Palentonga Fighter on May 20, 2022.
             Slain by an orc
             ... wielding a +2 flail of holy wrath
              (5 damage)
             ... on level 3 of the Dungeon.
             The game lasted 00:06:44 (1890 turns).

Revguard the Skirmisher (Palentonga Fighter)        Turns: 1890, Time: 00:06:44

Health: -3/46      AC:  6    Str: 19    XL:     3   Next: 53%
Magic:  3/3        EV:  7    Int:  8    God:
Gold:   62         SH:  4    Dex: 11    Spells: 2/2 levels left

rFire   . . .      SeeInvis +   a - +0 war axe
rCold   . . .      Faith    .   c - +0 buckler
rNeg    . . .      Spirit   .   b - +0 scale mail
rPois   .          Reflect  .   (no helmet)
rElec   .          Harm     .   (no cloak)
rCorr   .          Rampage  .   (no gloves)
Will    .....                   (no barding)
Stlth   ..........              (no amulet)
HPRegen 0.15/turn               (no ring)
MPRegen 0.08/turn               (no ring)

@: berserking, very quick
A: large, rugged brown scales 3, see invisible, deformed body, roll 1, armoured
tail
a: Rolling Charge


You were on level 3 of the Dungeon.
You visited 1 branch of the dungeon, and saw 3 of its levels.

You collected 62 gold pieces.

Inventory:

Hand Weapons
 a - a +0 war axe (weapon)
Armour
 b - a +0 scale mail (worn)
 c - a +0 buckler (worn)
Scrolls
 f - a scroll of fog {unknown}
 g - a scroll of magic mapping {unknown}
Potions
 d - 2 potions of might


   Skills:
 + Level 3.2 Fighting
 + Level 2.3 Axes
 + Level 2.6 Armour
 + Level 0.8 Dodging
 + Level 2.6 Shields
 + Level 1.0 Invocations
 + Level 1.0 Evocations


You had 2 spell levels left.
You didn't know any spells.
Your spell library was empty.

Dungeon Overview and Level Annotations

Branches:
Dungeon (3/15)

Altars:


Innate Abilities, Weirdness & Mutations

You are completely covered in rugged brown scales. (AC +3, +7% HP)
You have supernaturally acute eyesight. (SInv)
Armour fits poorly on your strangely shaped body.
You can roll at nearby foes to attack.
You have a long armoured tail.


Message History

You block the orc's attack.
You barely miss the orc.
Your tail-slap misses the orc.
The orc is almost dead.
You block the orc's attack. The orc hits you but does no damage.
You barely miss the orc.
The orc is almost dead.
You barely miss the orc. The orc hits you but does no damage.
You are poisoned.
The orc closely misses you. The orc hits you but does no damage.
You are more poisoned.
You slash the orc!
You kill the orc!
You completely miss the orc.
You feel very sick. The orc barely misses you. x2
You completely miss the orc.
You feel sick.
The orc hits you with a +2 flail of holy wrath!
You hit the orc.
The orc is heavily wounded.
You feel sick.
The orc hits you with a +2 flail of holy wrath!
* * * LOW HITPOINT WARNING * * *
You closely miss the orc.
The orc is heavily wounded.
You feel sick. You block the orc's attack. The orc hits you but does no damage.
You barely miss the orc.
The orc is heavily wounded.
You feel sick. The orc barely misses you.
It was a potion of berserk rage.
A red film seems to cover your vision as you go berserk!
You feel yourself moving faster!
You feel mighty!
You feel sick.
You are no longer poisoned.
An orc priest comes into view. It is wielding a +1 whip of flaming.
The orc hits you with a +2 flail of holy wrath.
* * * LOW HITPOINT WARNING * * *
You barely miss the orc.
The orc is heavily wounded.
The orc priest shouts!
The orc hits you with a +2 flail of holy wrath.
You die...

#.###.#.#.#.##........
#.##...†))#.##........
#.##......#.##########
#.##......#.#
#.##......#.#
#.##......#.#
#.#......<#.###
#.######..o......
#......@o........
########)........
#......... ..........
.......... ...######..
##


You could see an orc priest and an orc.

Vanquished Creatures
  An adder (D:3)
  A dart slug (D:2)
  An orc (D:3)
  2 endoplasms
  5 giant cockroaches
  2 goblins
  5 hobgoblins
  2 quokkas
  3 ball pythons
  2 bats (D:1)
  A frilled lizard (D:2)
  4 kobolds
  6 rats
35 creatures vanquished.

Notes
Turn   | Place    | Note
-------+----------+-------------------------------------------
     0 | D:1      | Revguard the Palentonga Fighter began the quest for the
                  | Orb.
     0 | D:1      | Reached XP level 1. HP: 19/19 MP: 1/1
   389 | D:1      | Reached XP level 2. HP: 25/25 MP: 2/2
   732 | D:1      | Found a faded altar of an unknown god.
  1291 | D:2      | Reached XP level 3. HP: 31/31 MP: 3/3
  1748 | D:3      | Reached skill level 1 in Invocations
  1748 | D:3      | Reached skill level 1 in Evocations
  1889 | D:3      | HP: 2/46 [orc/+2 flail of holy wrath (3)]
  1890 | D:3      | Slain by an orc

Illustrated notes

Levels and vault maps discovered:
D:1:      co_arrival_random_square_maze, layout_rooms,
          shapermc_ecumenical_altar_mp_vishouse, amcnicky_mini_pool_small,
          minmay_misc_feat_four_crosses
D:2:      layout_basic
D:3:      layout_basic

Skill      XL: |  1  2  3 |
---------------+----------+-----
Invocations    | 1 |  1.0
Evocations     | 1 |  1.0
Fighting       | |  3.2
Axes           | |  2.3
Armour         | |  2.6
Dodging        | |  0.8
Shields        | |  2.6

Action                   || total
-------------------------++-------
Melee: War axe           ||    91
       Tailslap          ||     7
 Abil: Rolling Charge    ||    23
  Use: Potion            ||     1
Armor: Scale mail        ||    46
Dodge: Dodged            ||    32
Block: Buckler           ||    15
